 Dungeon Crawl Stone Soup version 0.21-a0-591-g2314aa1 (webtiles) character file.

51 teukkam the Reanimator (level 3, 0/31 HPs)
             Began as a Gnoll Wanderer on Dec 22, 2017.
             Slain by an orc
             ... wielding a +0 short sword
              (2 damage)
             ... on level 3 of the Dungeon.
             The game lasted 00:06:37 (1237 turns).

teukkam the Reanimator (Gnoll Wanderer)             Turns: 1237, Time: 00:06:39

Health: 0/31       AC:  4    Str: 15    XL:     3   Next: 81%
Magic:  3/4        EV: 11    Int: 12    God:
Gold:   16         SH:  0    Dex: 16    Spells: 1/3 levels left

rFire    . . .     SeeInvis .   a - +0 mace (protect)
rCold    . . .     Gourm    .   (no shield)
rNeg     . . .     Faith    .   i - +1 leather armour {MR+}
rPois    .         Spirit   .   (no helmet)
rElec    .         Reflect  .   (no cloak)
rCorr    .         Harm     .   (no gloves)
MR       +....                  (no boots)
Stlth    ++........             (no amulet)
HPRegen  0.10/turn              (no ring)
MPRegen  0.09/turn              (no ring)

@: flying
A: distributed training, fangs 1, strong nose
a: no special abilities


You were on level 3 of the Dungeon.
You were not hungry.

You visited 1 branch of the dungeon, and saw 3 of its levels.

You collected 16 gold pieces.

Inventory:

Hand Weapons
 a - a +0 mace of protection (weapon)
 c - a +0 spear
Armour
 i - a +1 leather armour of magic resistance (worn)
Jewellery
 p - a +3 amulet of reflection {unknown}
Scrolls
 d - 2 scrolls of identify {unknown}
 h - 2 scrolls of fog {unknown}
 j - a scroll of enchant weapon {unknown}
 k - 5 scrolls of remove curse {unknown}
 r - a scroll of enchant armour {unknown}
Potions
 g - a potion of curing
 n - a potion of lignification {unknown}
 q - a potion of might {unknown}
Books
 b - the Disquisition on Flight

   Spells                             Type                      Level
   a - Swiftness                      Charms/Air                   2
   b - Poisonous Vapours              Poison/Air                   2
 e - a book of Necromancy

   Spells                             Type                      Level
   a - Pain                           Necromancy                   1
   b - Animate Skeleton               Necromancy                   1
   c - Vampiric Draining              Necromancy                   3
   d - Regeneration                   Charms/Necromancy            3
   e - Animate Dead                   Necromancy                   4
   f - Control Undead                 Necromancy                   4
Comestibles
 f - 3 rations


   Skills:
 + Level 4.5 Fighting
 + Level 0.9 Short Blades
 + Level 0.9 Long Blades
 + Level 0.9 Axes
 + Level 0.9 Maces & Flails
 + Level 0.9 Polearms
 + Level 0.9 Staves
 + Level 0.9 Slings
 + Level 0.9 Bows
 + Level 0.9 Crossbows
 + Level 2.6 Throwing
 + Level 2.6 Armour
 + Level 0.9 Dodging
 + Level 0.9 Stealth
 + Level 2.6 Shields
 + Level 0.9 Unarmed Combat
 + Level 0.9 Spellcasting
 + Level 0.6 Conjurations
 + Level 0.6 Hexes
 + Level 0.6 Charms
 + Level 0.6 Summonings
 + Level 8.7 Necromancy
 + Level 0.6 Translocations
 + Level 0.6 Transmutations
 + Level 0.6 Fire Magic
 + Level 0.6 Ice Magic
 + Level 0.6 Air Magic
 + Level 0.6 Earth Magic
 + Level 0.6 Poison Magic
 + Level 1.0 Invocations
 + Level 0.9 Evocations


You had one spell level left.
You knew the following spells:

 Your Spells              Type           Power        Failure   Level  Hunger
a - Pain                  Necr           ###.         1%          1    ##.....
b - Animate Skeleton      Necr           N/A          1%          1    ##.....


Dungeon Overview and Level Annotations

Branches:
Dungeon (3/15)

Altars:


Innate Abilities, Weirdness & Mutations

Your experience applies equally to all skills.
You have very sharp teeth.
Your uncanny sense of smell can sniff out nearby items.


Message History

Press: ? - help, Shift-Dir - straight line, f - orc priest
Aim: an orc priest, wielding a whip (chance to defeat MR: 80%)
The orc priest writhes in agony!
The orc hits you with a flail.
* * * LOW HITPOINT WARNING * * *
The orc priest closely misses you. The rat closely misses you.
The orc wizard hits you but does no damage.
The orc hits you but does no damage. The orc completely misses you.
It was a potion of curing.
You feel better. The orc completely misses you.
The orc wizard hits you with a dagger. The rat misses you.
The orc priest mumbles some strange prayers to Beogh against you.
Beogh smites you!
* * * LOW HITPOINT WARNING * * *
The orc closely misses you.
It was a potion of flight.
You feel very buoyant.
You fly up into the air.
The orc misses you. The orc barely misses you.
The orc priest closely misses you. The rat closely misses you.
The orc wizard hits you but does no damage.
The orc hits you with a short sword.
You die...

....#..# .#
....##.###.# .....
.........##.. .....
.........##.#......
.........##$#......
.........##.#......
#####...[.........#
#...#.ooo...).#
#####.o@o.....#
#...r.....#
#(........#
#.........#
#.........#
#.........#
#..>......#
#.........#


You could see an orc priest, an orc wizard, 3 orcs and a rat.

Vanquished Creatures
  An adder (D:2)
  A dart slug (D:2)
  2 leopard geckos
  4 bats (D:1)
  4 giant cockroaches
  6 hobgoblins
  3 frilled lizards (D:1)
  3 goblins (D:1)
  9 kobolds
  3 rats
36 creatures vanquished.

Notes
Turn   | Place    | Note
-------+----------+-------------------------------------------
     0 | D:1      | teukkam the Gnoll Wanderer began the quest for the Orb.
     0 | D:1      | teukkam set off with: a book of Necromancy, the Disquisition on Flight, a +0 spear, a +0 robe, a ration
     0 | D:1      | Reached XP level 1. HP: 20/20 MP: 1/1
     0 | D:1      | Identified the Disquisition on Flight
   257 | D:1      | Reached XP level 2. HP: 26/26 MP: 2/2
   260 | D:1      | Learned a level 1 spell: Pain
   731 | D:1      | Reached XP level 3. HP: 31/31 MP: 3/3
   737 | D:1      | Learned a level 1 spell: Animate Skeleton
   950 | D:2      | Reached skill level 1 in Invocations
  1237 | D:3      | Slain by an orc

Vault maps used:
D:1:      minmay_arrival_four_circles
D:2:      minmay_misc_feat_cross, lightli_corner_chamber
D:3:      uniq_grinder

Skill      XL: |  1  2  3 |
---------------+----------+-----
Invocations    | 1 |  1.0
Fighting       | |  4.5
Short Blades   | |  0.9
Long Blades    | |  0.9
Axes           | |  0.9
Maces & Flails | |  0.9
Polearms       | |  0.9
Staves         | |  0.9
Slings         | |  0.9
Bows           | |  0.9
Crossbows      | |  0.9
Throwing       | |  2.6
Armour         | |  2.6
Dodging        | |  0.9
Stealth        | |  0.9
Shields        | |  2.6
Unarmed Combat | |  0.9
Spellcasting   | |  0.9
Conjurations   | |  0.6
Hexes          | |  0.6
Charms         | |  0.6
Summonings     | |  0.6
Necromancy     | |  8.7
Translocations | |  0.6
Transmutations | |  0.6
Fire Magic     | |  0.6
Ice Magic      | |  0.6
Air Magic      | |  0.6
Earth Magic    | |  0.6
Poison Magic   | |  0.6
Evocations     | |  0.9

Action                   || total
-------------------------++-------
Melee: Spear             ||    17
       Bite              ||    15
       Mace              ||    80
       Punch             ||     1
Throw: Tomahawk          ||     4
 Cast: Pain              ||     4
       Animate Skeleton  ||     1
  Use: Potion            ||     2
 Stab: Sleeping          ||     3
  Eat: Chunk             ||     1
Armor: Robe              ||    12
       Leather armour    ||    40
Dodge: Dodged            ||   108

Table legend:
 A = Spawn XP
 B = Non-spawn XP
 C = Spawn XP percentage of total XP
 D = Spawn monster count
 E = Non-spawn monster count
 F = Spawn count percentage of total count
 G = Total turns spent on level
                    A         B        C        D         E        F      G
               +---------+---------+-------+---------+---------+-------+---------
         Total |       0 |      73 |   0.0 |       0 |      36 |   0.0 |  1237
               +---------+---------+-------+---------+---------+-------+---------
           D:1 |       0 |      44 |   0.0 |       0 |      27 |   0.0 |   905
           D:2 |       0 |      28 |   0.0 |       0 |       8 |   0.0 |   149
           D:3 |       0 |       1 |   0.0 |       0 |       1 |   0.0 |   183
               +---------+---------+-------+---------+---------+-------+---------
